FIQ, lawful male human Knight ------ ----- |....| |...| |.[..----...| |.!)./......| |..--->---..| |---------.--- |..@^^<|.....| |..----|.....| --.| |.....| |)-----.[...| |...........| |.%---------- ---- FIQ the Bachelor Experience level: 8 Strength: 11 Dexterity: 10 Constitution: 17 Intelligence: 8 Wisdom: 13 Charisma: 17 Health: 33(62) Energy: 62(62) Def: 13 Gold: 109 Moves: 5484 Dungeon seed: xJProk7HJnsUA_Bg Game ID: FIQ_1433158572 Your Inventory: Coins $ - 109 gold pieces Amulets W - a cursed amulet of change Weapons a - a +1 long sword b - a +1 lance B - the very corroded +0 Frost Brand (weapon in hand) Armor e - an uncursed +0 pair of high boots (being worn) n - an uncursed +1 elven cloak (being worn) r - an uncursed +0 pair of leather gloves (being worn) z - an uncursed +0 dwarvish iron helm (being worn) N - an uncursed +0 dwarvish mithril-coat (being worn) Comestibles c - 14 uncursed apples d - 11 uncursed carrots E - an uncursed clove of garlic F - 5 uncursed tripe rations I - an uncursed cram ration J - an uncursed candy bar M - 2 uncursed food rations Q - 2 uncursed sprigs of wolfsbane V - 2 uncursed fortune cookies Z - an uncursed egg Scrolls g - a cursed scroll of enchant weapon i - 2 uncursed scrolls of earth j - an uncursed scroll of remove curse v - 2 uncursed scrolls of create monster K - a cursed scroll of create monster L - 2 uncursed scrolls of blank paper P - an uncursed scroll of fire R - a blessed scroll of blank paper S - 2 uncursed scrolls of identify T - a cursed scroll of remove curse U - an uncursed scroll of scare monster Potions f - 2 uncursed potions of sleeping p - an uncursed potion of see invisible A - a potion of unholy water D - an uncursed potion of hallucination H - an uncursed potion of gain ability Rings h - a cursed ring of teleportation Wands o - a cursed wand of enlightenment (0:12) u - a wand of lightning (0:7) C - a wand of probing (0:2) O - a wand of undead turning (0:4) X - a wand of cold (0:5) Tools k - an uncursed skeleton key l - an uncursed oil lamp (0:0) m - a magic marker (0:81) s - an uncursed stethoscope t - an uncursed towel y - a cursed tinning kit (0:47) Spells known in the end: Name Level Category Fail Memory Your skills at the end: Fighting Skills riding [Basic] Weapon Skills long sword [Skilled] polearms [Basic] Spellcasting Skills Final Attributes: You were stridently aligned. You were cold resistant. You were poison resistant. You saw invisible. You were stealthy. You could jump. You were lucky. You survived. Vanquished creatures: 3 large mimics 2 small mimics an ochre jelly a leather golem a chameleon 2 cockatrices a winter wolf cub a giant spider a gnome king an orc mummy 4 ogres a raven a gnome mummy a snake a Woodland-elf a bugbear 5 Uruk-hai an orc shaman a rock mole a pony a fog cloud a yellow light 6 gnome lords 4 gnomish wizards 2 gray oozes a ghoul a paper golem 2 giant ants 2 dwarves 2 homunculi a kobold lord 4 rothes a rabid rat an orc zombie 2 iguanas 17 killer bees 2 acid blobs 4 coyotes 2 gas spores a hobgoblin 2 giant rats a brown mold a yellow mold a green mold 2 red molds 27 gnomes 3 garter snakes 4 manes a gnome zombie 2 geckos 5 jackals a fox a kobold a goblin 5 sewer rats 5 grid bugs a bat 4 lichens a kobold zombie 3 newts 159 creatures vanquished. Voluntary challenges: You used a wielded weapon 289 times, starting on turn 39. You read items or engraved 6 times, starting on turn 4679. You never genocided any monsters. You never polymorphed an object. You never changed form. You used no wishes. You never split a pudding. You never wrote Elbereth's name. You violated your moral code, losing 3 points of alignment, starting on turn 981. Dungeon overview: The Dungeons of Doom: levels 1 to 9 Level 1 a fountain a long staircase Level 2 a fountain stairs to The Gnomish Mines Level 3 some fountains Level 4 a fountain Level 5 Level 6 Level 7 a hardware shop Level 8 many fountains Level 9 a fountain stairs to Sokoban The Gnomish Mines: levels 3 to 6 Level 3 stairs to The Dungeons of Doom Level 4 Level 5 Level 6 many shops, a temple to Brigit, some fountains Sokoban: Level 8 <- You were here stairs to The Dungeons of Doom History has recorded: On T:1 you entered the Dungeons of Doom to retrieve the Amulet of Yendor! On T:159 you reached level 2 of The Dungeons of Doom. On T:464 you reached level 1 of The Gnomish Mines. On T:465 you advanced to experience level 2. On T:531 you advanced to experience level 3. On T:632 you advanced to experience level 4. On T:1102 you reached level 2 of The Gnomish Mines. On T:1135 you advanced to experience level 5. On T:1309 you reached level 3 of The Gnomish Mines. On T:1447 you advanced to experience level 6. On T:1465 you reached level 4 of The Gnomish Mines. On T:2438 you advanced to experience level 7. On T:2691 you reached level 3 of The Dungeons of Doom. On T:3068 you reached level 4 of The Dungeons of Doom. On T:3383 you reached level 5 of The Dungeons of Doom. On T:3616 you reached level 6 of The Dungeons of Doom. On T:3954 you reached level 7 of The Dungeons of Doom. On T:4520 you advanced to experience level 8. On T:4639 you reached level 8 of The Dungeons of Doom. On T:5091 you reached level 9 of The Dungeons of Doom. On T:5230 you reached level 4 of Sokoban. Score breakdown: Gold: 109 ( 6944 points) Experience: 8 levels (14739 points) Exploration: 9 levels ( 18.37%) (12247 points) Discoveries: 24 items ( 9.72%) ( 9351 points) Valuables value: (no points given unless you survive) Artifact value: 3000 (11828 points) Variety of kills: 60 monsters ( 15.83%) (11936 points) Time penalty: 5484 turns (-1491 points) Survival: quit (score multiplied by 90%) Total score: 58998 Latest messages: Final status: Fare thee well FIQ the Knight, quit... You quit in Sokoban on dungeon level 8 with 58998 points, and 109 pieces of gold, after 5484 moves. You were level 8 with a maximum of 62 hit points when you quit.